 Dungeon Crawl Stone Soup version 0.31-a0-544-gceb718ecc6 (webtiles) character file.

Game seed: 5807293174537614420

367 ytrimaz the Sneak (level 6, 0/38 HPs)
             Began as an Octopode Shapeshifter on Aug 15, 2023.
             Slain by a black bear (3 damage)
             ... on level 4 of the Dungeon.
             The game lasted 00:04:31 (2884 turns).

ytrimaz the Sneak (Octopode Shapeshifter)           Turns: 2884, Time: 00:04:32

Health: 0/38       AC:  1    Str: 12    XL:     6   Next: 69%
Magic:  6/6        EV: 13    Int: 11    God:
Gold:   139        SH:  0    Dex: 18    Spells: 5/5 levels left

rFire   . .          .
                       - Unarmed
rCold   . . .        (no shield)
rNeg    + . .        (helmet currently unavailable)
rPois   .            (no amulet)
rElec   .            d - ring "Batall" {rN+ Will+ rCorr Str-4 Dex+6}
rCorr   +            (no ring)
SInv    .            (no ring)
Will    +....        (no ring)
Stlth   +++++        (no ring)
HPRegen 0.26/turn    (no ring)
MPRegen 0.10/turn    (no ring)
                     (no ring)

%: no passive effects
@: beast-form
A: beast (slay +3), almost no armour, amphibious, 8 rings, camouflage 1,
gelatinous body 1, (nimble swimmer 1), tentacles
a: Begin Untransformation


You were on level 4 of the Dungeon.
You were a hulking beast.
You visited 1 branch of the dungeon, and saw 4 of its levels.

You collected 139 gold pieces.


Innate Abilities, Weirdness & Mutations

You are a hulking beast.
Your limbs bulge with bestial killing power. (Slay +3)
You cannot wear most types of armour.
You are amphibious.
You can wear up to eight rings at the same time.
Your skin changes colour to match your surroundings (Stealth+).
Your rubbery body absorbs attacks. (AC +1, EV +1)
((You are camouflaged when in or above water. (Stealth+)))
You have tentacles for arms and can constrict up to eight enemies at once.


   Skills:
 - Level 1.0 Fighting
 - Level 2.0 Dodging
 + Level 6.5 Stealth
 - Level 3.0 Unarmed Combat
 + Level 4.9 Shapeshifting


You had 5 spell levels left.
You didn't know any spells.
Your spell library was empty.

Inventory:

Jewellery
 d - the ring "Batall" (left tentacle) {rN+ Will+ rCorr Str-4 Dex+6}
   (You acquired it on level 2 of the Dungeon)

   [ring of dexterity]

   Str-4:     It affects your strength (-4).
   Dex+6:     It affects your dexterity (+6).
   rN+:       It protects you from negative energy.
   Will+:     It increases your willpower.
   rCorr:     It protects you from acid and corrosion.
Talismans
 b - a beast talisman (active)
 c - a flux talisman
Wands
 s - a wand of polymorph (12)
   (You took it off Ijyb on level 3 of the Dungeon)
 u - a wand of mindburst (14)
   (You found it on level 4 of the Dungeon)
Scrolls
 e - 6 scrolls of identify {unknown}
 f - 4 scrolls of poison {unknown}
 g - 2 scrolls of noise
 h - a scroll of vulnerability {unknown}
 j - 2 scrolls of enchant armour {unknown}
 k - 2 scrolls of blinking {unknown}
 l - 3 scrolls of teleportation {unknown}
 o - 2 scrolls of fog {unknown}
 r - 2 scrolls of enchant weapon {unknown}
 v - a scroll of silence
 w - a scroll of revelation {unknown}
Potions
 a - a potion of lignification
 i - a potion of haste {unknown}
 m - 2 potions of curing {unknown}
 n - a potion of degeneration {unknown}
 p - a potion of might {unknown}
 q - a potion of cancellation {unknown}
 t - 2 potions of mutation {unknown}

Dungeon Overview and Level Annotations

Branches:
Dungeon (4/15) Zot: 21123
 Temple: D:4-7

Altars:

Shops:
D:1 ?*(   D:2 [?*[=   D:3 :

Annotations:
D:2 1 runed translucent door, Crazy Yiuf

#...........#
#..†........#
#...........#
#..........)#
##########'##
### #.# ..#
#.#
#########.#
#.#
.......h#.#
#.#
.######h#.#
#.#
#.#.####.#
#)..)....#
###.######
...# #####


You could see a black bear.


Message History

An orc comes into view. It is wielding a +0 hand axe.
Unknown command.
The orc shouts!
You tentacle-slap the orc. You grab the orc. You constrict the orc.
You hear a shout!
The orc hits you with a +0 club. 😕 HP[-2]
You take 2 damage, and now have 36/38 hp.
You tentacle-slap the orc but do no damage.
You constrict the orc.
The orc hits you with a +0 club. 😕 HP[-3]
You take 3 damage, and now have 33/38 hp.
You tentacle-slap the orc.
You kill the orc!
Unknown command.
You tentacle-slap the orc but do no damage.
You grab the orc. You constrict the orc. The orc hits you but does no damage.
You tentacle-slap the orc but do no damage.
You constrict the orc, but do no damage.
The orc hits you with a +0 hand axe. 😕 HP[-4]
You take 4 damage, and now have 29/38 hp.
You tentacle-slap the orc but do no damage.
You constrict the orc.
The orc hits you with a +0 hand axe. 😮 HP[-6]
You take 6 damage, and now have 23/38 hp.
You are too injured to fight recklessly!
Unknown command.
You tentacle-slap the orc. You squeeze the orc, but do no damage.
You constrict the orc.
The orc hits you with a +0 hand axe. 😮 HP[-1]
You take 1 damage, and now have 22/38 hp.
You are too injured to fight recklessly!
You tentacle-slap the orc but do no damage.
You constrict the orc.
You kill the orc!
You are too injured to fight recklessly!
Unknown command.
Things that are here:
a +0 hand axe; a +0 chain mail; a +0 club 😮 HP[+1]
An orc comes into view. It is wielding a +0 dagger. 😮 HP[+3]
You regained 3 hp, and now have 26/38 hp.
An orc is nearby!
An orc is nearby!
You are too injured to fight recklessly! 😮 HP[+1] Unknown command.
You are too injured to fight recklessly!
An orc comes into view. It is wielding a +0 dagger.
You are too injured to fight recklessly!
The orc shouts! x2
You bludgeon the orc!
You kill the orc!
The orc throws a boomerang.
The boomerang closely misses you.
Unknown command.
You are too injured to fight recklessly!
You see here a +0 dagger.
You are too injured to fight recklessly!
The orc misses you.
A black bear comes into view. 😮 HP[+1]
You are too injured to fight recklessly!
The black bear growls angrily.
You tentacle-slap the orc. You grab the orc. You squeeze the orc.
You kill the orc!
The black bear attacks as you move away!
The black bear barely misses you.
The black bear claws you but does no damage.
The black bear claws you.
Things that are here:
a +0 dagger; 2 boomerangs; a +0 ring mail 😮 HP[-2]
You take 2 damage, and now have 26/38 hp.
You are too injured to fight recklessly!
Unknown command.
The black bear attacks as you move away!
The black bear bites you!
* * * LOW HITPOINT WARNING * * *
The black bear claws you.
* * * LOW HITPOINT WARNING * * *
The black bear claws you.
* * * LOW HITPOINT WARNING * * *
😨 HP[-13]
You take 13 damage, and now have 13/38 hp.
MASSIVE DAMAGE!! (PAUSE)
You bludgeon the black bear! You grab the black bear.
You constrict the black bear, but do no damage.
The black bear misses you.
The black bear claws you but does no damage.
The black bear claws you.
* * * LOW HITPOINT WARNING * * *
😨 HP[-2]
You take 2 damage, and now have 11/38 hp.
You tentacle-slap the black bear. You squeeze the black bear.
You constrict the black bear. The black bear bites you!
* * * LOW HITPOINT WARNING * * *
The black bear claws you.
You die...

Skill      XL: |  1  2  3  4  5 |
---------------+----------------+-----
Stealth        | 1 2 3 4 6 |  6.5
Shapeshifting  | 4 |  4.9
Fighting       | |  1.0
Dodging        | |  2.0
Unarmed Combat | |  3.0

Action                     |  1- 3 |  4- 6 || total
---------------------------+-------+-------++-------
  Melee: Unarmed           |    77 |    70 ||   147
         Constrict         |    20 |    16 ||    36
         Tentacles         |    13 |    13 ||    26
         Punch             |     2 |     2 ||     4
    Use: Scroll            |     3 |       ||     3
   Stab: Sleeping          |     7 |    11 ||    18
         Distracted        |     2 |       ||     2
 Armour: Skin              |     2 |     5 ||     7
  Dodge: Dodged            |    48 |    34 ||    82

Levels and vault maps discovered:
D:1:      scummos_arrival_star, layout_loops_ring, serial_shops, shop, shop,
          shop, minmay_misc_feat_tiny
D:2:      layout_loops_cross, serial_glass, glass_columns_a, glass_columns_c,
          glass_columns_a, serial_shops, nicolae_shop_pleasant_corner_grove,
          shop, shop, shop, shop, shapermc_ecumenical_altar_mp_vishouse,
          minmay_tetromino_t2, uniq_crazy_yiuf_cottage
D:3:      layout_basic, nicolae_shop_vocational, uniq_ijyb, uniq_jessica
D:4:      layout_basic, uniq_sigmund, uniq_eustachio

Notes
Turn   | Place    | Note
-------+----------+-------------------------------------------
     0 | D:1      | ytrimaz the Octopode Shapeshifter began the quest for the
                  | Orb.
     0 | D:1      | Reached XP level 1. HP: 13/13 MP: 1/1
     0 | D:1      | magus.rc [v1.9.6]
    55 | D:1      | Reached skill level 1 in Stealth
    75 | D:1      | Reached XP level 2. HP: 18/18 MP: 2/2
   247 | D:1      | Found Vagysad's General Store.
   251 | D:1      | Reached skill level 2 in Stealth
   342 | D:1      | Found Syawyxoz's Magic Scroll Emporium.
   376 | D:1      | Found Susm's Weapon Shop.
   513 | D:1      | Reached XP level 3. HP: 12/23 MP: 3/3
   601 | D:2      | Found Witen's Magic Scroll Shoppe.
   790 | D:2      | Found Hiraijeo's Assorted Antiques.
   836 | D:2      | Identified a scroll of acquirement
   836 | D:2      | Acquired the ring "Batall" {rN+ Will+ rCorr Str-4 Dex+6}
   878 | D:2      | Found Seigrez's Jewellery Shop.
   894 | D:2      | Found Xeefetti's Antique Armour Boutique.
   951 | D:2      | Reached skill level 3 in Stealth
  1093 | D:2      | Found Sizumuybb's Antique Armour Boutique.
  1230 | D:2      | Found a faded altar of an unknown god.
  1293 | D:2      | Found a runed translucent door.
  1294 | D:2      | Noticed Crazy Yiuf
  1786 | D:3      | Noticed Jessica
  1797 | D:3      | Killed Jessica
  1798 | D:3      | Reached XP level 4. HP: 22/28 MP: 4/4
  1887 | D:3      | Found Luisiora's Vocational Training.
  1916 | D:3      | Noticed Ijyb
  1934 | D:3      | Killed Ijyb
  1935 | D:3      | Reached skill level 4 in Stealth
  1935 | D:3      | Reached skill level 4 in Shapeshifting
  2126 | D:4      | Reached XP level 5. HP: 30/33 MP: 5/5
  2244 | D:4      | Noticed Sigmund
  2358 | D:4      | Killed Sigmund
  2359 | D:4      | Reached skill level 6 in Stealth
  2359 | D:4      | Reached XP level 6. HP: 31/38 MP: 6/6
  2879 | D:4      | Noticed a black bear
  2884 | D:4      | HP: 3/38 [black bear (8)]
  2884 | D:4      | Slain by a black bear

Vanquished Creatures
  Sigmund (D:4)
  A scorpion (D:4)
  Jessica (D:3)
  Ijyb (D:3)
  3 adders
  A dart slug (D:4)
  4 orcs (D:4)
  7 ball pythons
  3 bats
  5 endoplasms
  4 giant cockroaches
  6 goblins
  6 hobgoblins
  7 jackals
  2 quokkas
  A frilled lizard (D:3)
  6 kobolds
  8 rats
67 creatures vanquished.

Table legend:
 A = Non-vault XP
 B = Vault XP
 C = Vault XP percentage of total XP
 D = Non-vault monster count
 E = Vault monster count
 F = Vault count percentage of total count
                 A         B        C        D         E       F
            +---------+---------+-------+---------+---------+-------
      Total |     225 |     300 |  57.1 |      63 |       4 |   6.0
            +---------+---------+-------+---------+---------+-------
        D:1 |      36 |       0 |   0.0 |      21 |       0 |   0.0
        D:2 |      23 |       1 |   4.2 |      14 |       1 |   6.7
        D:3 |      27 |      73 |  73.0 |      10 |       2 |  16.7
        D:4 |     139 |     226 |  61.9 |      18 |       1 |   5.3
            +---------+---------+-------+---------+---------+-------

Skill      XL: |  1  2  3  4  5 |
---------------+----------------+-----
Stealth        | 1 2 3 4 6 |  6.5
Shapeshifting  | 4 |  4.9
Fighting       | |  1.0
Dodging        | |  2.0
Unarmed Combat | |  3.0

Action                     |  1- 3 |  4- 6 || total
---------------------------+-------+-------++-------
  Melee: Unarmed           |    77 |    70 ||   147
         Constrict         |    20 |    16 ||    36
         Tentacles         |    13 |    13 ||    26
         Punch             |     2 |     2 ||     4
    Use: Scroll            |     3 |       ||     3
   Stab: Sleeping          |     7 |    11 ||    18
         Distracted        |     2 |       ||     2
 Armour: Skin              |     2 |     5 ||     7
  Dodge: Dodged            |    48 |    34 ||    82

Illustrated notes

Table legend:
 A = Kills in this place as a percentage of kills in the entire game.
 B = Kills by you in this place as a percentage of kills by you in the entire game.
 C = Kills by friends in this place as a percentage of kills by friends in the entire game.
 D = Other kills in this place as a percentage of other kills in the entire game.
 E = Experience gained in this place as a percentage of experience gained in the entire game.
 F = Experience gained in this place divided by the number of levels of this place that you have seen.
                   A       B       C       D       E      F
               +-------+-------+-------+-------+-------+----------------------
         Total | 100.0 | 100.0 |   N/A |   N/A | 100.0 | 131.2
       Dungeon | 100.0 | 100.0 |   N/A |   N/A | 100.0 | 131.2
               +-------+-------+-------+-------+-------+----------------------

Table legend: (Time is in decaauts)
 A = Elapsed time spent in this place.
 B = Non-inter-level travel time spent in this place.
 C = Inter-level travel time spent in this place.
 D = Time resting spent in this place.
 E = Time spent auto-exploring this place.
 F = Levels seen in this place.
 G = Mean time per level.
                   A        B        C        D        E       F      G
               +--------+--------+--------+--------+--------+-----+--------+
         Total |   2875 |   2810 |     65 |    139 |   2144 |   4 |  718.8 |
       Dungeon |   2875 |   2810 |     65 |    139 |   2144 |   4 |  718.8 |
               +--------+--------+--------+--------+--------+-----+--------+

Top non-repeatable levels by time:
     D:2: 840 daAuts
     D:4: 793 daAuts
     D:3: 643 daAuts
     D:1: 599 daAuts
